 Dungeon Crawl Stone Soup version 0.26.0-10-g1f06aea511 (webtiles) character file.

Game seed: 6506082363183911553

2426 MisterFreud the Grappler (level 9, -6/89 HPs)
             Began as a Troll Monk on Jan 14, 2021.
             Mangled by Harold
             ... wielding a +0 long sword
              (20 damage)
             ... on level 8 of the Dungeon.
             The game lasted 00:05:35 (5600 turns).

MisterFreud the Grappler (Troll Monk)               Turns: 5600, Time: 00:05:36

Health: -6/89      AC:  3    Str: 23    XL:     9   Next: 24%
Magic:  8/8        EV: 12    Int:  7    God:
Gold:   429        SH:  0    Dex: 12    Spells: 8/8 levels left

rFire    . . .     SeeInvis +     - Unarmed
rCold    + . .     Faith    .   (no shield)
rNeg     . . .     Spirit   .   a - +0 robe
rPois    .         Reflect  .   (helmet restricted)
rElec    .         Harm     .   w - +0 cloak
rCorr    .         Rampage  .   (gloves unavailable)
Will     .....                  (boots unavailable)
Stlth    ++........             (no amulet)
HPRegen  0.64/turn              B - ring of protection from cold
MPRegen  0.11/turn              f - ring of see invisible

@: marked, corroded
A: large, unfitting armour, claws 3, regeneration 1, shaggy fur 1, tough skin 3
a: no special abilities


You were on level 8 of the Dungeon.
You visited 2 branches of the dungeon, and saw 9 of its levels.

You collected 429 gold pieces.

Inventory:

Hand Weapons
 v - a +4 quarterstaff of chaos
Missiles
 m - 5 boomerangs (quivered)
 r - 6 javelins
 s - 2 throwing nets
Armour
 a - a +0 robe (worn)
 w - a +0 cloak (worn)
Jewellery
 f - a ring of see invisible (right claw)
 l - an uncursed ring of stealth
 B - a ring of protection from cold (left claw)
 D - an uncursed amulet of regeneration {unknown}
 E - an uncursed ring of flight {unknown}
Wands
 p - a wand of random effects (14)
 u - a wand of iceblast (23)
 z - a wand of disintegration (12)
Scrolls
 b - 8 scrolls of identify
 c - a scroll of teleportation
 d - 2 scrolls of magic mapping
 e - a scroll of immolation {unknown}
 g - 2 scrolls of enchant armour {unknown}
 h - 2 scrolls of random uselessness {unknown}
 j - 2 scrolls of fear
 n - 3 scrolls of remove curse
 y - a scroll of fog {unknown}
 A - 4 scrolls of noise {unknown}
 F - a scroll of acquirement {unknown}
Potions
 k - 2 potions of lignification
 o - 3 potions of degeneration {unknown}
 q - a potion of haste {unknown}
 t - 2 potions of flight {unknown}
 x - a potion of curing {unknown}
 C - a potion of berserk rage {unknown}


   Skills:
 - Level 6.0 Fighting
 + Level 3.4 Throwing
 - Level 6.0 Dodging
 - Level 1.0 Stealth
 - Level 8.0 Unarmed Combat


You had 8 spell levels left.
You didn't know any spells.
Your spell library contained the following spells:

 Spells                   Type           Power        Failure   Level
 Corona                   Hex            0%           43%         1
 Ensorcelled Hibernation  Hex/Ice        0%           56%         2
 Confusing Touch          Hex            0%           80%         3
 Dazzling Flash           Conj/Hex       0%           80%         3
 Tukima's Dance           Hex            0%           80%         3


Dungeon Overview and Level Annotations

Branches:
Dungeon (8/15)             Temple (1/1) D:6
   Lair: D:8-11

Altars:
Nemelex Xobeh
Okawaru

Portals:
Sewer: D:5

Annotations:
D:8 Harold


Innate Abilities, Weirdness & Mutations

You are too large for most types of armour.
You have claws for hands.
Your natural rate of healing is unusually fast.
You are covered in fur. (AC +1)
You have extremely tough skin. (AC +3)


Message History

Harold hits you with a +0 long sword.
You closely miss Harold. Your claw misses Harold.
Harold is heavily wounded.
The leopard gecko bites you.
Harold zaps a wand.
The bolt of acid hits you!
* * * LOW HITPOINT WARNING * * *
You are splashed with acid!
* * * LOW HITPOINT WARNING * * *
You mangle Harold!!
Harold is severely wounded.
The leopard gecko bites you.
* * * LOW HITPOINT WARNING * * *
Harold gestures at you while chanting. The mark upon you grows brighter.
You barely miss Harold.
Harold is severely wounded.
The leopard gecko barely misses you.
You scratch Harold but do no damage. You claw Harold!
Harold is almost dead.
Harold hits you with a +0 long sword!!
You die...

#.....# .
###.### #.
#.# #.####
##.#
#.....####..#
#........#.##
##......=.#.#
......l...#[#
#...@@....#
#.......###
#.......#
#.......#
#########


You could see Harold and a leopard gecko.

Vanquished Creatures
  Sigmund (D:6)
  A water moccasin (D:7)
  An ice beast (D:6)
  A sky beast (D:6)
  An orc warrior (D:6)
  A necrophage (D:5)
  A phantom (D:4)
  2 ogres
  3 centaurs
  A big kobold (D:7)
  2 bullfrogs
  5 wights (D:7)
  A howler monkey (D:4)
  A jelly (D:6)
  4 hounds
  Crazy Yiuf (D:4)
  2 orc priests (D:6)
  2 orc wizards (D:6)
  Ijyb (D:5)
  Terence (D:2)
  3 iguanas
  5 worker ants
  A hound zombie (D:6)
  Robin (D:2)
  4 gnolls (D:4)
  9 adders
  A shadow imp (D:5)
  3 white imps
  An ooze (D:2)
  An ufetubus (D:8)
  5 dart slugs (D:1)
  A worm (D:2)
  4 leopard geckos
  16 orcs
  3 ball pythons
  7 giant cockroaches
  16 goblins
  8 hobgoblins
  4 jackals
  3 quokkas
  8 bats
  8 frilled lizards
  11 kobolds
  A leopard gecko skeleton (D:5)
  2 quokka skeletons
  8 rats
167 creatures vanquished.

Notes
Turn   | Place    | Note
-------+----------+-------------------------------------------
     0 | D:1      | MisterFreud the Troll Monk began the quest for the Orb.
     0 | D:1      | Reached XP level 1. HP: 22/22 MP: 0/0
    56 | D:1      | Reached XP level 2. HP: 29/29 MP: 1/1
   215 | D:1      | Reached skill level 4 in Unarmed Combat
   330 | D:1      | Reached XP level 3. HP: 35/36 MP: 2/2
   728 | D:2      | Noticed Terence
   730 | D:2      | Noticed Robin
   753 | D:2      | Killed Terence
   754 | D:2      | Reached skill level 5 in Unarmed Combat
   754 | D:2      | Reached XP level 4. HP: 37/44 MP: 3/3
   844 | D:2      | Killed Robin
  1290 | D:3      | Reached XP level 5. HP: 47/50 MP: 4/4
  1750 | D:4      | Reached skill level 6 in Unarmed Combat
  1976 | D:4      | Noticed an ogre
  1982 | D:4      | Killed an ogre
  1983 | D:4      | Reached skill level 7 in Unarmed Combat
  1983 | D:4      | Reached XP level 6. HP: 59/59 MP: 5/5
  2371 | D:4      | Reached skill level 8 in Unarmed Combat
  2402 | D:4      | Reached XP level 7. HP: 65/66 MP: 6/6
  2611 | D:4      | Found a runed translucent door.
  2612 | D:4      | Noticed Crazy Yiuf
  2725 | D:4      | Killed Crazy Yiuf
  2794 | D:5      | Entered Level 5 of the Dungeon
  2988 | D:5      | Noticed Ijyb
  3001 | D:5      | Killed Ijyb
  3199 | D:5      | Found a glowing drain.
  3319 | D:6      | Noticed Sigmund
  3324 | D:6      | Killed Sigmund
  3328 | D:6      | Reached skill level 5 in Fighting
  3340 | D:6      | Reached XP level 8. HP: 80/80 MP: 7/7
  3430 | D:6      | Found a staircase to the Ecumenical Temple.
  3442 | Temple   | Entered the Ecumenical Temple
  4040 | D:6      | Reached skill level 5 in Dodging
  4621 | D:7      | Reached XP level 9. HP: 86/89 MP: 8/8
  4656 | D:7      | Reached skill level 1 in Throwing
  4703 | D:7      | Found a sparkling altar of Nemelex Xobeh.
  5583 | D:8      | Noticed Harold
  5600 | D:8      | Mangled by Harold

Illustrated notes

Levels and vault maps discovered:
D:1:      scummos_arrival_simple_fountains, layout_rooms, serial_forest,
          infiniplex_forest_end_double, infiniplex_forest_lined_2,
          infiniplex_forest_zigzag_1, infiniplex_forest_end_1,
          infiniplex_forest_lined_1, infiniplex_forest_straight_1,
          infiniplex_forest_clump_cross, infiniplex_forest_lined_4_way,
          minmay_misc_feat_rows
D:2:      layout_rooms, nicolae_overflow_hidden_temple, uniq_terence, uniq_robin
D:3:      layout_basic
D:4:      layout_loops_corners, uniq_crazy_yiuf_cottage
D:5:      layout_rooms, gup_sewer_entry_bubbles, uniq_ijyb
D:6:      layout_basic, minmay_temple_entry_fiery, minmay_quadrilaterals,
          uniq_sigmund
D:7:      layout_layer_cave, basic_altar
D:8:      layout_loops_cross, uniq_harold
Temple:   minmay_crystal_spiral_temple

Skill      XL: |  1  2  3  4  5  6  7  8  9 |
---------------+----------------------------+-----
Unarmed Combat | 4 5 7 8 |  8.0
Fighting       | 5 6 |  6.0
Dodging        | 6 |  6.0
Throwing       | 3 |  3.4
Stealth        | |  1.0

Action                   |  1- 3 |  4- 6 |  7- 9 || total
-------------------------+-------+-------+-------++-------
Melee: Unarmed           |    78 |   135 |   261 ||   474
       Punch             |     1 |     3 |    10 ||    14
  Use: Scroll            |       |       |     6 ||     6
       Potion            |       |       |     2 ||     2
 Stab: Sleeping          |     1 |       |     2 ||     3
       Distracted        |       |       |     1 ||     1
Armor: Robe              |    38 |    39 |    72 ||   149
Dodge: Dodged            |    40 |    59 |   115 ||   214
